 Dungeon Crawl Stone Soup version 0.29.1-1-gd02db6906a (webtiles) character file.

Game seed: 14911897804685693886

321 Zeld the Chopper (level 6, -5/82 HPs)
             Began as a Minotaur Berserker on Oct 15, 2022.
             Was a Believer of Trog.
             Slain by an ogre
             ... wielding a +0 giant club
              (14 damage)
             ... on level 5 of the Dungeon.
             The game lasted 00:01:58 (3642 turns).

Zeld the Chopper (Minotaur Berserker)               Turns: 3642, Time: 00:01:58

Health: -5/82      AC:  2    Str: 24    XL:     6   Next: 22%
Magic:  5/5        EV: 12    Int:  4    God:    Trog [**....]
Gold:   37         SH:  0    Dex:  9    Spells: 5/5 levels left

rFire   . . .      SeeInvis .   a - +0 hand axe
rCold   . . .      Faith    .   (no shield)
rNeg    . . .      Spirit   .   b - +0 animal skin
rPois   +          Reflect  .   (helmet restricted)
rElec   .          Harm     .   (no cloak)
rCorr   .          Rampage  .   (no gloves)
Will    .....                   (no boots)
Stlth   ..........              (no amulet)
HPRegen 0.23/turn               r - ring of poison resistance
MPRegen 0.09/turn               (no ring)

@: berserking, very quick
A: horns 2, retaliatory headbutt
a: Renounce Religion, Berserk, Trog's Hand


You were on level 5 of the Dungeon.
You worshipped Trog.
Trog was pleased with you.
You visited 1 branch of the dungeon, and saw 4 of its levels.

You collected 37 gold pieces.

Inventory:

Hand Weapons
 a - a +0 hand axe (weapon)
Armour
 b - a +0 animal skin (worn)
Jewellery
 r - a ring of poison resistance (left hand)
Scrolls
 d - 2 scrolls of teleportation {unknown}
 e - a scroll of enchant weapon {unknown}
 f - a scroll of magic mapping {unknown}
 g - a scroll of identify {unknown}
 k - a scroll of blinking {unknown}
 n - a scroll of immolation {unknown}
 p - a scroll of poison {unknown}
 q - a scroll of butterflies {unknown}
Potions
 c - a potion of might {unknown}
 h - a potion of ambrosia {unknown}
 i - a potion of degeneration {unknown}
 j - 2 potions of resistance {unknown}
 l - a potion of brilliance {unknown}
 m - a potion of curing {unknown}
 o - a potion of heal wounds {unknown}
 s - a potion of attraction {unknown}


   Skills:
 + Level 4.9 Fighting
 * Level 6.1 Axes
 + Level 4.1 Armour
 + Level 3.7 Dodging


You had 5 spell levels left.
You didn't know any spells.
Your spell library was empty.

Dungeon Overview and Level Annotations

Branches:
Dungeon (5/15)
 Temple: D:4-7

Altars:
Elyvilon


Innate Abilities, Weirdness & Mutations

You have a pair of horns on your head.
You reflexively headbutt those who attack you in melee.


Message History

You now have 37 gold pieces (gained 3).
Key pressed, stopping explore.
No target in view!
There is an open door here.
Key pressed, stopping explore.
No target in view!
No target in view!
Press: ? - help, . - travel You can't see that place. [an escape hatch in the ceiling.]
There is an open door here.
You see here a howler monkey skeleton.
Things that are here:
a +0 mace; a +0 ring mail
Items here: ))) [[.
There is a stone staircase leading down here.
There is an open door here.
An ogre comes into view. It is wielding a +0 giant club.
Found 5 stones.
You fail to use your ability.
The ogre hits you with a +0 giant club.
You closely miss the ogre.
The ogre hits you with a +0 giant club!!
You are too injured to fight recklessly!
You slash the ogre!
You headbutt the ogre, but do no damage.
The ogre is moderately wounded.
You hit the ogre.
The ogre is heavily wounded.
The ogre misses you.
A red film seems to cover your vision as you go berserk!
You feel yourself moving faster!
You feel mighty!
The ogre hits you with a +0 giant club!!
* * * LOW HITPOINT WARNING * * *
You hit the ogre. Your punch misses the ogre.
The ogre is heavily wounded.
You hit the ogre but do no damage.
The ogre is heavily wounded.
The ogre hits you with a +0 giant club!
You die...

..................
##
#.#.#.............
..
#.#.#####.########
#. #.#............#
#..#.#######.####.#
#..#.........# #.#
#...######### #.#
####.#....# #.#
#.......@..## #.#
#.....<..O.+.# #.#
#.........(#..#
#.#.##
#..........##..###
#.#... .....[.....#
#...# #.####
...##'###### ###.#
#.# ... #. #.#
#.#### .. #.#
#(.... #.# ######


You could see an ogre.

Vanquished Creatures
  A black bear (D:5)
  A necrophage (D:5)
  A howler monkey (D:5)
  An orc priest (D:5)
  An orc wizard (D:5)
  2 adders (D:2)
  An ufetubus (D:5)
  6 dart slugs
  2 orcs (D:5)
  6 ball pythons
  4 endoplasms
  2 goblins
  4 hobgoblins
  4 quokkas
  2 bats (D:1)
  A frilled lizard (D:1)
  6 kobolds
  3 rats
48 creatures vanquished.

Notes
Turn   | Place    | Note
-------+----------+-------------------------------------------
     0 | D:1      | Zeld the Minotaur Berserker began the quest for the Orb.
     0 | D:1      | Reached XP level 1. HP: 19/19 MP: 0/0
   251 | D:1      | Reached XP level 2. HP: 20/27 MP: 1/1
   252 | D:1      | Reached skill level 4 in Axes
   584 | D:1      | Found a faded altar of an unknown god.
  1124 | D:1      | Reached XP level 3. HP: 19/33 MP: 2/2
  1550 | D:2      | Reached ** piety under Trog
  2146 | D:2      | Found a white marble altar of Elyvilon.
  2717 | D:2      | Reached XP level 4. HP: 40/40 MP: 3/3
  2728 | D:3      | You fall into a shaft and drop 2 floors!
  2728 | D:5      | Entered Level 5 of the Dungeon
  2756 | D:5      | Noticed a black bear
  2775 | D:5      | Killed a black bear
  2776 | D:5      | Reached skill level 5 in Axes
  2776 | D:5      | Reached XP level 5. HP: 26/47 MP: 4/4
  3142 | D:5      | Reached XP level 6. HP: 32/55 MP: 5/5
  3255 | D:5      | Reached skill level 6 in Axes
  3642 | D:5      | Slain by an ogre

Illustrated notes

Levels and vault maps discovered:
D:1:      minmay_arrival_shattered_statue, layout_basic,
          shapermc_ecumenical_altar_acropolis, minmay_3d_cube
D:2:      layout_basic, basic_altar, kennysheep_small_spiral
D:3:      layout_rooms, serial_corexii_hall, corexii_hall_statues_l,
          corexii_hall_statues_deadend, minmay_increasing_density
D:5:      layout_basic

Skill      XL: |  1  2  3  4  5  6 |
---------------+-------------------+-----
Axes           | 4 5 6 |  6.1
Fighting       | 4 |  4.9
Armour         | 3 4 |  4.1
Dodging        | 3 |  3.7

Action                   |  1- 3 |  4- 6 || total
-------------------------+-------+-------++-------
Melee: Hand axe          |    75 |    40 ||   115
       Headbutt          |     9 |     5 ||    14
       Punch             |     1 |       ||     1
Invok: Berserk           |       |     3 ||     3
Armor: Animal skin       |    11 |     2 ||    13
Dodge: Dodged            |    38 |    22 ||    60
